 Dungeon Crawl Stone Soup version 0.20.0-15-g7f486f2 (webtiles) character file.

93 taytron the Chopper (level 4, 0/40 HPs)
             Began as a Hill Orc Monk on June 13, 2017.
             Slain by a leopard gecko (5 damage)
             ... on level 2 of the Dungeon.
             The game lasted 00:20:58 (1667 turns).

taytron the Chopper (Hill Orc Monk)                 Turns: 1667, Time: 00:20:59

Health: 0/40       AC:  2    Str: 14    XL:     4   Next: 61%
Magic:  4/4        EV: 13    Int: 10    God:
Gold:   102        SH:  0    Dex: 13    Spells: 3/3 levels left

rFire    . . .     SeeInvis .   e - +2 mace (protect)
rCold    . . .     Gourm    .   (no shield)
rNeg     . . .     Faith    .   b - +0 robe
rPois    .         Spirit   .   (no helmet)
rElec    .         Reflect  .   (no cloak)
rCorr    .         Harm     .   (no gloves)
MR       .....                  (no boots)
Stlth    ++........             (no amulet)
Regen    0.2/turn               (no ring)
MPRegen  0.1/turn               (no ring)

@: no status effects
A: no striking features
a: no special abilities


You were on level 2 of the Dungeon.
You were not hungry.

You visited 1 branch of the dungeon, and saw 3 of its levels.

You collected 102 gold pieces.

Inventory:

Hand Weapons
 d - a +0 dagger
 e - a +2 mace of protection (weapon)
 u - a +1 dagger of pain
 E - a +0 hunting sling
 L - a +4 whip
Missiles
 g - 50 stones (quivered)
 j - 16 sling bullets
 t - 20 arrows
 x - 12 poisoned needles
 K - 25 bolts
Armour
 b - a +0 robe (worn)
Scrolls
 f - a scroll of enchant armour {unknown}
 n - 2 scrolls of identify {unknown}
 w - a scroll of blinking {unknown}
 C - 2 scrolls of remove curse
Potions
 F - a potion of heal wounds {unknown}
Comestibles
 a - a chunk of flesh
 c - 3 bread rations
 h - a fruit
 k - 2 meat rations


   Skills:
 + Level 4.0 Fighting
   Level 4.6(5.2) Axes
 + Level 2.8(3.7) Maces & Flails
 + Level 1.0 Throwing
 + Level 2.7 Dodging
 - Level 1.5 Stealth


You had 3 spell levels left.
You didn't know any spells.

Dungeon Overview and Level Annotations

Branches:
Dungeon (3/15)

Altars:
Ashenzari


Message History

The leopard gecko bites you.
* * * LOW HITPOINT WARNING * * *
The rat barely misses you. The leopard gecko closely misses you.
The frilled lizard hisses angrily.
The leopard gecko barely misses you.
The frilled lizard bites you but does no damage.
The rat bites you but does no damage. The leopard gecko closely misses you.
There is a stone staircase leading up here.
The frilled lizard bites you but does no damage.
The rat completely misses you. The leopard gecko closely misses you.
You climb upwards.
There is a stone staircase leading down here.
You closely miss the frilled lizard. The leopard gecko bites you.
* * * LOW HITPOINT WARNING * * *
The rat closely misses you.
The frilled lizard bites you but does no damage.
The leopard gecko bites you.
You die...

#.#.# #.#.##### #.#.....#
#.#.....### #.#.......###
###### #.##........#
..........
###.#.......#.#.##.#...#.##
#.........ll#.#.##.#.#.#...
#####.####@..........#.....
#.# #r.#.#.##...#.#### #.#
#..#.#.##.#.#.....
#.####..#.#..#.#.#.#.#.
#.#.....#.#.##.#.......
#.#.#............#####.
#.#.#.#.#.##.#.#.......
#.#.#.#.#......#######.
#.#.#.#.####.### #.


You could see a leopard gecko, a frilled lizard and a rat.

Vanquished Creatures
  4 adders
  A dart slug (D:2)
  2 leopard geckos (D:2)
  3 ball pythons
  2 giant cockroaches
  6 hobgoblins
  3 kobolds
  2 quokkas
  4 bats (D:1)
  4 frilled lizards
  11 goblins
  8 rats
50 creatures vanquished.

Notes
Turn   | Place    | Note
-------+----------+-------------------------------------------
     0 | D:1      | taytron the Hill Orc Monk began the quest for the Orb.
     0 | D:1      | Reached XP level 1. HP: 19/19 MP: 1/1
   213 | D:1      | Reached XP level 2. HP: 27/27 MP: 2/2
   399 | D:1      | Reached skill level 1 in Maces & Flails
   594 | D:2      | Reached XP level 3. HP: 33/33 MP: 3/3
   902 | D:2      | Found a shattered altar of Ashenzari.
  1151 | D:2      | Reached XP level 4. HP: 12/40 MP: 4/4
  1524 | D:3      | Reached skill level 1 in Throwing
  1667 | D:2      | Slain by a leopard gecko

Skill      XL: |  1  2  3  4 |
---------------+-------------+-----
Maces & Flails | 1 2 |  2.8
Fighting       | 4 |  4.0
Throwing       | 1 |  1.0
Axes           | |  4.6
Dodging        | |  2.7
Stealth        | |  1.5

Action                   |  1- 3 |  4- 6 || total
-------------------------+-------+-------++-------
Melee: Mace              |    94 |    42 ||   136
       Spear             |     5 |       ||     5
Throw: Stone             |    36 |     7 ||    43
  Use: Potion            |     2 |     2 ||     4
       Scroll            |     1 |     2 ||     3
  Eat: Chunk             |       |     2 ||     2
       Fruit             |       |     1 ||     1
Armor: Robe              |    21 |    19 ||    40
       Skin              |     1 |       ||     1
Dodge: Dodged            |    66 |    54 ||   120
